 Dungeon Crawl Stone Soup version 0.28.0 (webtiles) character file.

Game seed: 14839647385362140472

54341 themarg the Summoner (level 14, -5/106 HPs)
             Began as a Merfolk Summoner on Feb 17, 2022.
             Was a High Priest of Kikubaaqudgha.
             Slain by an orc warlord (50 damage)
             ... on level 9 of the Dungeon on Feb 18, 2022.
             The game lasted 04:10:40 (30142 turns).

themarg the Summoner (Merfolk Summoner)            Turns: 30142, Time: 04:10:41

Health: -5/106     AC:  8    Str:  8    XL:     14   Next: 72%
Magic:  17/31      EV: 18    Int: 19    God:    Kikubaaqudgha [*****.]
Gold:   1009       SH:  6    Dex: 15    Spells: 0/40 levels left

rFire   + . .      SeeInvis +   Y - +3 trident (venom)
rCold   + + .      Faith    .   P - +2 buckler {rC+}
rNeg    . . .      Spirit   .   s - +1 robe {rC+ rF+}
rPois   .          Reflect  .   J - +0 helmet
rElec   .          Harm     .   w - +1 cloak {Stlth+}
rCorr   .          Rampage  .   L - +0 pair of gloves
Will    +....                   v - +0 pair of boots
Stlth   ++++......              (no amulet)
HPRegen 0.27/turn               B - +4 ring of evasion
MPRegen 0.22/turn               U - ring of see invisible

@: no status effects
A: (nimble swimmer 2), mertail
a: Renounce Religion, Receive Corpses, Torment


You were on level 9 of the Dungeon.
You worshipped Kikubaaqudgha.
Kikubaaqudgha was extremely pleased with you.
You visited 3 branches of the dungeon, and saw 18 of its levels.
You also visited: Ice Cave.

You collected 1009 gold pieces.

Inventory:

Hand Weapons
 Y - a +3 trident of venom (weapon)
Missiles
 c - 692 stones (quivered)
 d - 2 throwing nets
 T - 7 curare-tipped darts
 X - 6 poisoned darts
Armour
 l - the +1 cloak of the Hot Ocelot {-Cast rPois rN+ Will++}
   (You found it on level 4 of the Lair of Beasts)

   rPois:     It protects you from poison.
   rN:        It protects you from negative energy.
   -Cast:     It prevents spellcasting.
   Will:      It greatly increases your willpower.
 s - a +1 robe of resistance (worn)
 v - a +0 pair of boots (worn)
 w - a +1 cloak of stealth (worn)
 J - a +0 helmet (worn)
 K - a +2 robe of fire resistance
 L - a +0 pair of gloves (worn)
 P - a +2 buckler of cold resistance (worn)
Jewellery
 y - a +4 ring of evasion
 B - a +4 ring of evasion (left hand)
 D - a ring of positive energy
 H - a ring of magical power
 U - a ring of see invisible (right hand)
Wands
 a - a wand of digging (5)
 i - a wand of charming (5)
 r - a wand of iceblast (16)
 x - a wand of polymorph (11)
 C - a wand of mindburst (22)
 I - a wand of paralysis (8)
 R - a wand of acid (4)
 S - a wand of flame (18)
Scrolls
 m - 5 scrolls of immolation
 o - 2 scrolls of blinking
 p - 12 scrolls of teleportation
 q - 5 scrolls of fear
 A - 2 scrolls of torment
 G - 2 scrolls of fog
 M - a scroll of magic mapping
 N - 2 scrolls of noise
 O - 4 scrolls of enchant weapon
 W - a scroll of amnesia
 Z - a scroll of silence {unknown}
Potions
 b - 5 potions of curing
 e - a potion of berserk rage {unknown}
 g - 4 potions of ambrosia
 h - 4 potions of brilliance
 j - 5 potions of invisibility
 k - 3 potions of haste
 n - 4 potions of flight
 t - a potion of heal wounds
 u - 6 potions of might
 z - 3 potions of lignification
 E - 2 potions of cancellation
 F - 3 potions of mutation
 V - a potion of attraction
Miscellaneous
 Q - a box of beasts


   Skills:
 * Level 8.6 Fighting
 + Level 0.7 Short Blades
 + Level 8.3 Polearms
 + Level 0.5 Throwing
 + Level 6.7 Dodging
 + Level 6.9 Stealth
 + Level 1.4 Shields
 + Level 13.7 Spellcasting
 - Level 5.7 Hexes
 + Level 13.7 Summonings
 + Level 6.8 Necromancy
 - Level 3.1 Air Magic


You couldn't memorise any spells.
You knew the following spells:

 Your Spells              Type           Power      Damage    Failure   Level
a - Dragon's Call         Summ           30%        N/A       100%        9
b - Call Canine Familiar  Summ           60%        N/A       1%          3
c - Summon Lightning Spi  Summ/Air       45%        N/A       1%          4
d - Summon Guardian Gole  Hex/Summ       50%        N/A       1%          3
e - Animate Dead          Necr           19%        N/A       4%          4
f - Anguish               Hex/Necr       18%        N/A       4%          4
g - Dispel Undead         Necr           38%        3d16      4%          4
h - Agony                 Necr           38%        N/A       12%         5
i - Cause Fear            Hex            17%        N/A       6%          4

Your spell library contained the following spells:

 Spells                   Type           Power      Damage    Failure   Level
 Animate Skeleton         Necr           76%        N/A       1%          1
 Pain                     Necr           100%       1d9       1%          1
 Summon Small Mammal      Summ           100%       N/A       1%          1
 Call Imp                 Summ           60%        N/A       1%          2
 Sublimation of Blood     Necr           38%        N/A       1%          2
 Vampiric Draining        Necr           38%        2d8       1%          3
 Animate Armour           Summ/Erth      78%        N/A       4%          4
 Static Discharge         Conj/Air       19%        N/A       5%          2
 Dazzling Flash           Conj/Hex       46%        N/A       6%          3
 Apportation              Tloc           26%        N/A       7%          1
 Beastly Appendage        Tmut           26%        N/A       7%          1
 Sandblast                Erth           26%        2d8       7%          1
 Passwall                 Tmut/Erth      10%        N/A       10%         2
 Wereblood                Tmut           13%        N/A       10%         2
 Excruciating Wounds      Necr           19%        N/A       12%         5
 Mephitic Cloud           Conj/Pois/Air  17%        N/A       13%         3
 Gell's Gravitas          Tloc           13%        N/A       21%         3
 Ignite Poison            Fire/Tmut/Pois 13%        N/A       21%         3
 Lesser Beckoning         Tloc           13%        N/A       21%         3
 Spider Form              Tmut/Pois      13%        N/A       21%         3
 Stone Arrow              Conj/Erth      26%        3d8       21%         3
 Teleport Other           Tloc           13%        N/A       21%         3
 Silence                  Hex/Air        15%        N/A       30%         5
 Borgnjor's Vile Clutch   Necr/Erth      12%        N/A       41%         5
 Olgreb's Toxic Radiance  Pois           13%        N/A       54%         4
 Sticky Flame             Conj/Fire      13%        2d4       54%         4
 Freezing Cloud           Conj/Ice/Air   8%         6-21      77%         5
 Blade Hands              Tmut           6%         N/A       88%         5
 Simulacrum               Ice/Necr       12%        N/A       94%         6
 Spellforged Servitor     Conj/Summ      19%        N/A       98%         7
 Iron Shot                Conj/Erth      6%         9d2       100%        6
 Dragon Form              Tmut           6%         N/A       100%        7
 Orb of Destruction       Conj           6%         9d6       100%        7
 Ozocubu's Refrigeration  Ice            6%         4d6       100%        7
 Ignition                 Fire           6%         3d4       100%        8


Dungeon Overview and Level Annotations

Branches:
Dungeon (13/15)            Temple (0/1) D:6            Lair (4/6) D:8
 Shoals (0/4) Lair:4        Snake (0/4) Lair:4          Orc (1/2) D:9
 Vaults (0/5) D:13          IceCv (visited)

Altars:
Ashenzari
Cheibriados
Dithmenos
Fedhas
Gozag
Kikubaaqudgha
Qazlal
Uskayaw
Vehumet
Wu Jian
Xom
Zin
The Shining One
Beogh

Shops:
D:5 =

Annotations:
D:5 exclusion: statue
D:6 3 runed translucent doors, bande's ghost, novice GrFi
D:7 3 runed translucent doors, horus123's ghost, novice BaFi
D:11 3 runed translucent doors, SweetAndFullOfGrace's ghost, journeyman MiBe


Innate Abilities, Weirdness & Mutations

((You are very nimble when in or above water. (Stealth+, EV+, Speed+++)))
Your lower body shifts to a powerful aquatic tail in water.


Message History

There is an open door, spattered with blood here.
Things that are here:
a +0 plate armour; a +0 hand axe
There is a stone staircase leading down here.
You climb downwards.
There is a stone staircase leading up here.
There is a staircase to the Orcish Mines here.
You climb downwards.
Welcome back to the Orcish Mines!
You feel an oppressive heat about you.
There is an entrance to a volcano on this level.
Hurry and find it before the entrance collapses!
The walls and floor vibrate strangely for a moment.
The orc warlord roars a battlecry!
The orcs go into a battle-frenzy!
The orc warlord hits you with a +0 great sword!!!
The orc sorcerer yells loudly, as Orcs often do.
There is a staircase back to the Dungeon, spattered with blood here.
The orc warlord closely misses you.
The orc warlord roars a battlecry!
The orc warrior goes into a battle-frenzy!
You climb upwards.
Welcome back to the Dungeon!
There is a staircase to the Orcish Mines here.
Casting: Dispel Undead (dangerous; 4% risk of failure)
Confirm with . or Enter, or press ? or * to list all spells.
An electric hum fills the air.
The orc warlord misses you.
Casting: Summon Lightning Spire (mildly dangerous; 1% risk of failure)
Confirm with . or Enter, or press ? or * to list all spells.
The orc warlord hits you with a +0 great sword!!
Casting: Call Canine Familiar (safe; 1% risk of failure)
Confirm with . or Enter, or press ? or * to list all spells.
A guardian golem appears, shielding your allies.
The orc warlord misses you.
Your wolf barely misses the orc warlord.
Casting: Summon Guardian Golem (safe; 1% risk of failure)
Confirm with . or Enter, or press ? or * to list all spells.
Casting: Anguish (dangerous; 4% risk of failure)
Press: ? - help, Dir - look around, f - activate The orc warlord easily resists.
Your wolf bites the orc warlord.
The orc warlord hits you with a +0 great sword!!!
You die...
Kikubaaqudgha rasps: "You have failed me!
Welcome... death!"

.....#....'....#.....#...........
.....#....#....#.....#...........
.....#....#....#.....#...........
..##.##...##...#.....###....###..
..##.##...####.....#####....#####
..........#.....8.....##.....#...
..........#....h..8...##.....#...
...............o.......#.....#...
####....#..8....@....8.......####
.###....##....9...........<..##..
.#......#.#...........##......#..
.#.....(#.#.....8.....##......#..
.#......#.####.....####'......#..
.#......#..............#......'..
.#......#.......#......#......#..
.#..##..####....#...)..##.....#..
###'########....#....>..#.....#..


You could see an orc warlord (strong, ally target), a friendly guardian golem
(summoned), a friendly wolf (summoned, sheltered) and a friendly lightning spire
(summoned, sheltered).

Vanquished Creatures
  The ghost of Aricsoirch the Bludgeoner, a journeyman GrFi of Okawaru (Lair:4)
  The ghost of Zaegoraum the Carver, a journeyman DsAK of Lugonu (Lair:4)
  A two-headed ogre (Orc:1)
  A tengu warrior (D:13)
  A dancing weapon (D:13)
  Nergalle (Orc:1)
  A deep elf zephyrmancer (D:13)
  A deep elf pyromancer (D:13)
  A centaur skeleton (D:13)
  A komodo dragon (D:12)
  Sigmund (D:5)
  3 yaks
  A dire elephant simulacrum (IceCv)
  A fire bat (Orc:1)
  2 orc warriors
  A necrophage (D:6)
  A wolf (Lair:3)
  2 phantoms
  2 bullfrogs
  A killer bee (D:10)
  3 centaur zombies
  A gnoll shaman (D:10)
  An orc priest (Orc:1)
  Ijyb (D:3)
  4 gnolls
  2 adders
  An ufetubus (D:4)
  A dart slug (D:3)
  4 orcs
  2 endoplasms
  A hobgoblin (D:3)
  A jackal (D:3)
  A ball python (D:3)
  A bat (D:3)
  2 frilled lizards (D:3)
  8 goblins
  4 kobolds
  4 rats
  A spectral goblin (D:3)
68 creatures vanquished.

Vanquished Creatures (collateral kills)
  An orc warlord (Orc:1)
  Fannar (Orc:1)
  3 hydras
  An ogre mage (Orc:1)
  A boulder beetle (D:13)
  2 centaur warriors (D:13)
  Erica (D:9)
  4 two-headed ogres
  A deep elf knight (D:13)
  Sonja (D:10)
  A skeletal warrior (D:13)
  Pikel (D:7)
  A deep elf pyromancer (D:13)
  3 ugly things
  2 cyclopes
  A manticore (D:12)
  2 slime creatures (D:13)
  2 elephants (Lair:4)
  A centaur zombie (D:11)
  Joseph (D:9)
  A merfolk siren (Lair:4)
  2 unseen horrors
  2 gargoyles
  10 cane toads
  3 centaur skeletons (D:13)
  4 black mambas
  A rime drake (Lair:1)
  7 komodo dragons
  2 yaktaurs (D:13)
  A troll (D:11)
  2 merfolk (Lair:4)
  2 polar bears
  3 blink frogs (Lair:1)
  A culicivora (shapeshifter) (D:13)
  A wyvern (Lair:4)
  3 vampires
  2 basilisks
  23 yaks
  A wraith (D:13)
  A dire elephant simulacrum (IceCv)
  A fire bat (Orc:1)
  A steam dragon (D:7)
  Grum (D:9)
  A naga (Lair:4)
  An acid dragon (D:12)
  6 water moccasins
  A sky beast (D:6)
  6 orc warriors
  A black bear (D:8)
  An ogre (Orc:1)
  13 wolves
  12 centaurs
  A phantom (D:5)
  2 nameless horrors (D:3)
  3 bullfrogs
  4 gnoll sergeants
  4 scorpions
  4 killer bees
  4 wights
  4 howler monkeys
  2 bullfrog skeletons
  3 orc priests
  2 hounds
  A jelly (D:8)
  Crazy Yiuf (D:4)
  2 iguanas
  Natasha (twice) (D:3 D:2)
  8 orc wizards
  3 wolf simulacra (IceCv)
  A hound zombie (D:5)
  A howler monkey zombie (D:5)
  17 gnolls
  5 adders
  An ufetubus (D:7)
  3 worms
  A dart slug (D:1)
  37 orcs
  11 ball pythons
  6 endoplasms
  A giant cockroach (D:2)
  5 hobgoblins
  2 jackals (D:3)
  A quokka (D:2)
  4 bats
  4 frilled lizards
  10 goblins
  2 kobolds
  A rat (D:1)
311 creatures vanquished.

Vanquished Creatures (others)
  2 centaur warriors (D:13)
  2 cherubim (D:13)
  An oklob plant (Lair:3)
  2 ugly things
  An elephant (Lair:4)
  Maurice (D:11)
  A merfolk siren (Lair:4)
  A kobold demonologist (D:11)
  3 cane toads
  2 yaktaurs (D:13)
  A troll (D:13)
  A polar bear (Lair:3)
  A blink frog (Lair:1)
  A wyvern (D:7)
  A wraith (D:10)
  A fire bat (Orc:1)
  13 yaks
  A death yak simulacrum (IceCv)
  An acid dragon (D:11)
  A water moccasin (Lair:1)
  An ice beast (D:7)
  An orc warrior (D:9)
  5 wolves
  2 centaurs
  A scorpion (D:5)
  A killer bee (D:11)
  A wight (D:7)
  A centaur zombie (D:6)
  A gnoll shaman (D:5)
  An iguana (D:4)
  An orc wizard (D:4)
  6 gnolls
  A kobold (D:4)
  A bush (D:10)
  39 fungi
  38 plants
  5 withered plants (Lair:4)
144 creatures vanquished.

Grand Total: 523 creatures vanquished

Notes
Turn   | Place    | Note
-------+----------+-------------------------------------------
     0 | D:1      | themarg the Merfolk Summoner began the quest for the Orb.
     0 | D:1      | Reached XP level 1. HP: 13/13 MP: 3/3
   365 | D:1      | Reached XP level 2. HP: 19/19 MP: 3/5
  1385 | D:2      | Reached XP level 3. HP: 24/24 MP: 4/6
  1405 | D:2      | Learned a level 3 spell: Call Canine Familiar
  2738 | D:3      | Found a shadowy altar of Dithmenos.
  2741 | D:3      | Noticed a phantom
  2794 | D:3      | Reached XP level 4. HP: 22/30 MP: 1/8
  3118 | D:3      | Noticed Natasha
  3126 | D:3      | Killed Natasha
  3237 | D:3      | Noticed a scorpion
  3250 | D:3      | Killed a scorpion
  3251 | D:3      | Reached XP level 5. HP: 36/36 MP: 8/10
  3369 | D:3      | Learned a level 4 spell: Summon Lightning Spire
  3451 | D:3      | Noticed Natasha
  3471 | D:3      | Found a faded altar of an unknown god.
  3766 | D:2      | Killed Natasha
  4223 | D:3      | Noticed a nameless horror
  4236 | D:3      | Killed a nameless horror
  4440 | D:3      | Noticed Ijyb
  4462 | D:3      | Killed Ijyb
  4463 | D:3      | Reached skill level 1 in Polearms
  4463 | D:3      | Reached skill level 5 in Summonings
  4463 | D:3      | Reached XP level 6. HP: 29/42 MP: 6/11
  4589 | D:3      | Learned a level 3 spell: Summon Guardian Golem
  4842 | D:3      | Noticed a nameless horror
  4920 | D:3      | Killed a nameless horror
  5515 | D:4      | Reached XP level 7. HP: 47/47 MP: 8/13
  5580 | D:4      | Found a snail-covered altar of Cheibriados.
  5641 | D:4      | Found an ancient bone altar of Kikubaaqudgha.
  5651 | D:4      | Became a worshipper of Kikubaaqudgha
  5800 | D:4      | Found a stormy altar of Qazlal.
  5958 | D:4      | Found a runed translucent door.
  5959 | D:4      | Noticed Crazy Yiuf
  5975 | D:4      | Killed Crazy Yiuf
  6089 | D:5      | Entered Level 5 of the Dungeon
  6215 | D:5      | Found Wecemaxi's Jewellery Shop.
  6242 | D:5      | Found an opulent altar of Gozag.
  6422 | D:5      | Noticed Sigmund
  6459 | D:5      | Killed Sigmund
  6460 | D:5      | Reached skill level 1 in Fighting
  6460 | D:5      | Reached skill level 5 in Spellcasting
  6460 | D:5      | Reached skill level 1 in Hexes
  6941 | D:5      | Reached XP level 8. HP: 53/54 MP: 4/15
  7224 | D:5      | Found a radiant altar of Vehumet.
  7363 | D:5      | Found a glowing silver altar of Zin.
  7841 | D:6      | Reached * piety under Kikubaaqudgha
  7841 | D:6      | Received a gift from Kikubaaqudgha
  7997 | D:6      | Found a staircase to the Ecumenical Temple.
  8062 | D:6      | Found an ornate altar of the Wu Jian Council.
  8254 | D:6      | Found a runed translucent gate.
  8254 | D:6      | Found a runed translucent gate.
  8254 | D:6      | Found a runed translucent gate.
  8255 | D:6      | Noticed bande's ghost (novice GrFi)
  8256 | D:6      | Noticed a kobold demonologist
  8481 | D:7      | You fall into a shaft and drop 3 floors!
  8481 | D:10     | Entered Level 10 of the Dungeon
  8481 | D:10     | Noticed a cyclops
  8481 | D:10     | Found a broken altar of Ashenzari.
  8503 | D:10     | Killed a cyclops
  8504 | D:10     | Reached XP level 9. HP: 41/61 MP: 6/18
  8712 | D:8      | Found a hide-covered altar of Uskayaw.
  8878 | D:8      | Reached skill level 1 in Air Magic
  9027 | D:7      | Found a blossoming altar of Fedhas.
  9221 | D:7      | Noticed Pikel
  9229 | D:7      | Killed Pikel
  9230 | D:7      | Reached skill level 5 in Polearms
  9509 | D:7      | Reached ** piety under Kikubaaqudgha
  9788 | D:7      | Found a shimmering altar of Xom.
  9845 | D:7      | Reached XP level 10. HP: 38/68 MP: 19/21
 10386 | D:7      | Found a runed translucent gate.
 10386 | D:7      | Found a runed translucent gate.
 10387 | D:7      | Found a runed translucent gate.
 10387 | D:7      | Found an opulent altar of Gozag.
 10388 | D:7      | Noticed a centaur warrior
 10392 | D:7      | Noticed horus123's ghost (novice BaFi)
 10807 | D:8      | Found a staircase to the Lair.
 11180 | Lair:1   | Entered Level 1 of the Lair of Beasts
 11229 | Lair:1   | Noticed a cane toad
 11244 | Lair:1   | Killed a cane toad
 11255 | Lair:1   | Noticed a cane toad
 11265 | Lair:1   | Killed a cane toad
 11266 | Lair:1   | Reached skill level 1 in Necromancy
 11272 | Lair:1   | Reached skill level 5 in Stealth
 11293 | Lair:1   | Noticed a cane toad
 11303 | Lair:1   | Killed a cane toad
 11304 | Lair:1   | Noticed a black mamba
 11309 | Lair:1   | Killed a black mamba
 11326 | Lair:1   | Noticed a cane toad
 11339 | Lair:1   | Killed a cane toad
 11340 | Lair:1   | Reached XP level 11. HP: 58/74 MP: 0/24
 11561 | Lair:1   | Reached skill level 10 in Summonings
 11823 | Lair:1   | Reached skill level 5 in Dodging
 12049 | Lair:1   | Reached skill level 10 in Spellcasting
 12053 | Lair:1   | Reached *** piety under Kikubaaqudgha
 12053 | Lair:1   | Received a gift from Kikubaaqudgha
 12913 | Lair:2   | Reached XP level 12. HP: 81/81 MP: 21/26
 12986 | Lair:2   | Found a frozen archway.
 13000 | IceCv    | Entered an ice cave
 14271 | Lair:2   | Noticed a six-headed hydra
 14290 | Lair:2   | Killed a six-headed hydra
 14330 | Lair:2   | Learned a level 4 spell: Animate Dead
 14408 | Lair:2   | Learned a level 4 spell: Anguish
 14718 | Lair:2   | Noticed an eight-headed hydra
 14728 | Lair:2   | Killed an eight-headed hydra
 15314 | Lair:3   | Reached skill level 5 in Hexes
 15701 | Lair:3   | Reached skill level 5 in Necromancy
 16700 | Lair:4   | Noticed an eight-headed hydra
 16713 | Lair:4   | Killed an eight-headed hydra
 16821 | Lair:4   | Found a runed translucent gate.
 16822 | Lair:4   | Found a runed translucent gate.
 16823 | Lair:4   | Found a runed translucent gate.
 16824 | Lair:4   | Noticed Zaegoraum's ghost (journeyman DsAK)
 16825 | Lair:4   | Noticed Aricsoirch's ghost (journeyman GrFi)
 16868 | Lair:4   | Reached **** piety under Kikubaaqudgha
 17127 | Lair:4   | Reached skill level 5 in Fighting
 17216 | Lair:4   | Reached XP level 13. HP: 84/91 MP: 17/28
 17232 | Lair:4   | Found a staircase to the Snake Pit.
 17303 | Lair:4   | Found a staircase to the Shoals.
 17934 | Lair:3   | Learned a level 4 spell: Dispel Undead
 18061 | D:9      | Noticed Erica
 18072 | D:9      | Killed Erica
 18180 | D:9      | Noticed Grum
 18185 | D:9      | Killed Grum
 18264 | D:9      | Found a staircase to the Orcish Mines.
 18450 | D:9      | Noticed Joseph
 18463 | D:9      | Killed Joseph
 20004 | D:10     | Reached ***** piety under Kikubaaqudgha
 20332 | D:10     | Found a glowing golden altar of the Shining One.
 20506 | D:10     | Noticed Sonja
 20518 | D:10     | Killed Sonja
 20869 | D:11     | Found a runed translucent gate.
 20870 | D:11     | Noticed SweetAndFullOfGrace's ghost (journeyman MiBe)
 20871 | D:11     | Found a runed translucent gate.
 20872 | D:11     | Found a runed translucent gate.
 20876 | D:11     | Identified the +6 chain mail "Sago" {Will- Str+4 Int+3}
 21029 | D:11     | Noticed Maurice
 21035 | D:11     | Killed Maurice
 24313 | D:13     | Reached XP level 14. HP: 103/103 MP: 22/30
 25077 | Lair:4   | Identified the +1 cloak of the Hot Ocelot {-Cast rPois rN+
                  | Will++}
 25330 | Lair:3   | Learned a level 5 spell: Agony
 25335 | Lair:3   | Learned a level 4 spell: Cause Fear
 26205 | Orc:1    | Entered Level 1 of the Orcish Mines
 26206 | Orc:1    | Noticed Fannar
 26217 | Orc:1    | Killed Fannar
 26284 | Orc:1    | Noticed an orc warlord
 26308 | Orc:1    | Killed an orc warlord
 26309 | Orc:1    | Reached skill level 1 in Shields
 26403 | Orc:1    | Noticed Nergalle
 26436 | Orc:1    | Killed Nergalle
 26763 | Orc:1    | Found a dark tunnel.
 26942 | Orc:1    | Noticed an orc warlord
 26967 | Orc:1    | Noticed an orc warlord
 28006 | D:13     | Found a gate to the Vaults.
 28965 | Lair:2   | Learned a level 9 spell: Dragon's Call
 29449 | Lair:4   | Killed Aricsoirch's ghost
 29889 | Lair:4   | Killed Zaegoraum's ghost
 30142 | D:9      | Slain by an orc warlord

Illustrated notes

Levels and vault maps discovered:
D:1:      dpeg_arrival_rhombus, layout_loops_ring, serial_bayou_pond_d
D:2:      layout_basic
D:3:      kennysheep_goblin_castle, layout_rooms,
          nicolae_dithmenos_the_darkroom,
          dreamdust_ecumenical_altar_drowned_temple, minivault_23,
          hangedman_decor_growths, grunt_ministairs_15, st_stairs_11,
          minmay_misc_feat_rows, uniq_natasha
D:4:      layout_rooms, mainiacjoe_overflow_alcove_1, kiku_gazebo_pond_becter,
          old_standard_altar, uniq_crazy_yiuf_cottage
D:5:      layout_layer_cave, lemuel_round_altar, vehumet_statue,
          mainiacjoe_overflow_alcove_4, serial_shops, nicolae_stop_n_shop_1,
          uniq_sigmund
D:6:      layout_basic, overflow_temple_1_default,
          minmay_temple_entry_antechambers, gammafunk_ghost_nasty_kobolds,
          grunt_decor_junction
D:7:      layout_basic, mainiacjoe_overflow_chevrons, fedhas_altar_3,
          ebering_ghost_gozag, uniq_pikel
D:8:      layout_rooms, eat_drink_and_be_merry_uskayaw,
          grunt_lair_entry_orc_guard_hut
D:9:      layout_gridville, david_orc_2, uniq_erica, uniq_grum, uniq_joseph
D:10:     layout_loops_corners, tso_altar, mainiacjoe_overflow_boulevard,
          enter_bailey_3, kennysheep_generic_room_16, uniq_sonja
D:11:     minmay_general_purpose_star, layout_stronghold,
          biasface_ghost_orc_armoury, uniq_maurice
D:12:     layout_roguey
D:13:     layout_roguey, hangedman_vaults_entry_quadrant_bands, pf_eden
Lair:1:   layout_small_grid, grunt_megastairs_3
Lair:2:   layout_misc_corridors, portal_ice_cave_entry_pillars_1
Lair:3:   layout_roguey
Lair:4:   layout_long_grid, elwin_shoals_entry_stream,
          guppyfry_snake_entry_island, gammafunk_ghost_cemetery,
          chequers_serial_rivers_small_b
Orc:1:    layout_caves, nicolae_volcano_entry_batcave, minmay_orc_treasury,
          uniq_nergalle, uniq_fannar

Skill      XL: |  1  2  3  4  5  6  7  8  9 10 11 12 13 14 |
---------------+-------------------------------------------+-----
Dodging        | 3 4 5 6 |  6.7
Spellcasting   | 3 4 5 6 7 9 10 11 12 13 | 13.7
Stealth        | 3 4 5 6 |  6.9
Polearms       | 1 4 5 6 7 8 |  8.3
Summonings     | 5 6 7 8 9 10 11 12 13 | 13.7
Fighting       | 1 2 3 5 7 8 |  8.6
Hexes          | 1 2 3 4 5 |  5.7
Air Magic      | 1 2 3 |  3.1
Necromancy     | 2 4 5 6 |  6.8
Shields        | 1 |  1.4
Short Blades   | |  0.7
Throwing       | |  0.5

Action                   |  1- 3 |  4- 6 |  7- 9 | 10-12 | 13-15 || total
-------------------------+-------+-------+-------+-------+-------++-------
Melee: Dagger            |    30 |       |       |       |       ||    30
       Short sword       |    23 |       |       |       |       ||    23
       Spear             |     8 |   114 |   172 |   207 |    12 ||   513
       Punch             |       |       |     1 |     3 |       ||     4
       Trident           |       |       |       |       |   232 ||   232
Throw: Stone             |       |       |     1 |       |     4 ||     5
 Cast: Summon Small Mamm |    75 |    10 |       |       |       ||    85
       Call Canine Famil |     2 |    28 |    35 |    72 |    82 ||   219
       Summon Lightning  |       |     2 |    15 |    72 |   105 ||   194
       Summon Guardian G |       |     4 |    30 |    59 |    53 ||   146
       Anguish           |       |       |       |     3 |    19 ||    22
       Animate Dead      |       |       |       |     3 |     1 ||     4
       Dispel Undead     |       |       |       |       |    10 ||    10
       Cause Fear        |       |       |       |       |     1 ||     1
Invok: Receive Corpses   |       |       |       |       |     1 ||     1
       Torment           |       |       |       |       |     1 ||     1
  Use: Scroll            |       |     2 |     7 |     8 |    13 ||    30
       Potion            |       |       |       |       |     4 ||     4
 Stab: Sleeping          |     3 |     2 |       |     2 |     1 ||     8
       Distracted        |       |       |     3 |    11 |     8 ||    22
Armor: Robe              |    13 |    12 |    15 |    12 |    50 ||   102
Dodge: Dodged            |    39 |    64 |   115 |    72 |   197 ||   487
Block: Buckler           |       |       |       |    11 |    65 ||    76
